Map: Blackpink LE

Players

DnS

  • Race: Protoss Protoss
  • Spawn Location: 7:00

TIME (Oliveira) - Winner!

  • Race: Terran Terran
  • Spawn Location: 1:00

Event: WCS Leipzig 2018

VOD

Have the link to the VOD?

Description

Time

  • Played on: Jan. 26, 2018, 1:12 p.m.
  • Length: 9:06

All games in this series

Show
View Real Time Build Order
Export as new Build Order

DnS Protoss 

Build Orders: 1 Gate Expand, Oracle Opening, Phoenix Opening 

Get SALT Encoding   

  12  0:00  Probe  
  13  0:12  Probe  
  14  0:20  Pylon  
  14  0:25  Probe  
  15  0:38  Probe (Chrono Boost)  
  15  0:40  Gateway  
  16  0:47  Probe (Chrono Boost), Assimilator  
  17  0:52  Probe (Chrono Boost)  
  18  1:04  Probe  
  19  1:16  Probe  
  20  1:24  Nexus  
  20  1:33  Cybernetics Core  
  20  1:37  Probe  
  21  1:42  Assimilator  
  21  1:49  Probe  
  21  1:54  Pylon  
  22  2:01  Probe  
  23  2:10  Adept (Chrono Boost)  
  23  2:14  Probe  
  26  2:21  Stargate  
  26  2:26  Probe  
  26  2:29  Adept (Chrono Boost)  
  27  2:36  Probe  
  30  2:38  Probe, Warp Gate  
  31  2:48  Probe  
  31  2:50  Probe  
  33  3:01  Probe  
  33  3:02  Oracle (Chrono Boost)  
  36  3:10  Probe  
  37  3:18  Probe  
  38  3:22  Probe, Adept  
  38  3:25  Gateway  
  38  3:26  Gateway  
  41  3:30  Probe (Chrono Boost)  
  41  3:31  Phoenix  
  44  3:39  Probe (Chrono Boost)  
  45  3:42  Probe (Chrono Boost)  
  45  3:44  Pylon  
  46  3:54  Pylon  
  46  4:02  Probe x2, Phoenix  
  50  4:14  Probe x2  
  52  4:26  Probe  
  52  4:27  Phoenix (Chrono Boost)  
  55  4:37  Probe  
  48  4:40  Probe  
  49  4:46  Nexus  
  49  4:49  Probe  
  49  4:50  Adept x3  
  49  4:52  Probe  
  57  5:01  Probe  
  57  5:03  Twilight Council  
  57  5:04  Probe  
  59  5:13  Probe  
  60  5:14  Forge  
  60  5:16  Probe, Assimilator  
  60  5:17  Assimilator, Pylon  
  61  5:22  Pylon  
  61  5:25  Probe, Protoss Ground Armor Level 1 (Chrono Boost)  
  61  5:28  Probe  
  59  5:36  Sentry, Charge (Chrono Boost)  
  59  5:37  Probe  
  59  5:40  Probe  
  63  5:47  Gateway  
  63  5:48  Gateway  
  63  5:49  Probe  
  64  5:57  Probe x2, Gateway  
  64  6:00  Sentry x2  
  70  6:13  Zealot  
  70  6:14  Phoenix  
  70  6:17  Gateway  
  74  6:19  Gateway  
  74  6:29  Stalker x2  
  74  6:30  Pylon  
  74  6:31  Probe x2  
  80  6:38  Stalker  
  80  6:39  Probe  
  83  6:42  Phoenix  
  85  6:50  Stalker x2  
  85  6:53  Probe x2  
  85  6:54  Probe  
  86  6:55  Zealot  
  86  6:59  Pylon  
  88  7:07  Zealot x3  
  92  7:10  Probe  
  92  7:14  Zealot x2  
  97  7:17  Probe  
  96  7:37  Zealot x6  
  102  7:46  Pylon  
  101  7:55  Oracle  
  101  8:02  Pylon  
  101  8:04  Probe x3  
  104  8:06  Robotics Facility, Pylon  
  104  8:14  Zealot x3  
  108  8:20  Stalker x4  
  108  8:31  Zealot  
  92  8:35  Zealot x3  
  80  8:43  Zealot x4  
  74  8:51  Zealot  
  70  8:57  Zealot x2  
  70  8:58  Zealot  
Show
View Real Time Build Order
Export as new Build Order

TIME Terran - Winner!

Build Orders: Gas First Reaper Expand, Reaper Expand, MMM Bio 

Get SALT Encoding   

  12  0:00  SCV  
  13  0:13  SCV  
  14  0:17  Supply Depot  
  14  0:25  SCV  
  15  0:29  Refinery  
  15  0:39  SCV  
  16  0:45  Barracks  
  16  0:51  SCV  
  17  1:03  SCV  
  18  1:15  SCV  
  19  1:32  Orbital Command, Reaper  
  20  1:48  Command Center  
  20  1:58  SCV, Factory  
  21  2:07  Refinery, Barracks Reactor  
  21  2:10  SCV  
  22  2:16  Supply Depot  
  22  2:23  SCV  
  23  2:38  SCV  
  23  2:44  Starport  
  24  2:51  SCV, Widow Mine x2  
  29  3:01  Orbital Command  
  29  3:03  SCV  
  30  3:12  Widow Mine x2  
  34  3:16  SCV  
  35  3:20  Medivac  
  35  3:26  SCV  
  38  3:32  SCV, Supply Depot  
  38  3:33  Widow Mine  
  38  3:34  Widow Mine  
  43  3:38  SCV  
  43  3:44  SCV  
  43  3:45  Barracks Tech Lab  
  44  3:50  SCV  
  44  3:55  Supply Depot  
  45  3:56  SCV  
  45  3:59  Barracks x2  
  45  4:02  SCV  
  47  4:04  Marine, Stimpack  
  47  4:06  Factory Reactor  
  47  4:08  SCV  
  49  4:15  SCV, Engineering Bay  
  47  4:22  SCV, Marine  
  47  4:25  Starport Reactor  
  47  4:28  SCV  
  46  4:39  SCV, Marine  
  46  4:40  SCV  
  43  4:46  Terran Infantry Weapons Level 1  
  43  4:48  Refinery  
  43  4:51  SCV  
  43  4:52  SCV, Factory Reactor, Marine x2  
  43  4:57  Marine  
  43  4:58  Bunker  
  46  5:02  Missile Turret  
  46  5:03  SCV  
  46  5:04  SCV, Marine x2  
  50  5:10  Marine x2  
  50  5:15  SCV, Marine  
  50  5:16  SCV  
  50  5:18  Supply Depot  
  53  5:24  Marine  
  53  5:27  SCV  
  53  5:28  SCV  
  55  5:29  Marine  
  55  5:34  Marine x3  
  55  5:35  Widow Mine x2, Medivac  
  62  5:44  Supply Depot  
  62  5:49  Marine x2  
  62  5:50  SCV x2, Medivac  
  62  5:51  Supply Depot  
  62  5:56  Widow Mine  
  69  5:57  Marine  
  70  6:05  Combat Shields, Marine x2  
  70  6:06  SCV x2, Widow Mine  
  70  6:07  Marine  
  70  6:08  Supply Depot  
  75  6:12  Medivac  
  75  6:18  SCV x2, Widow Mine  
  79  6:20  Medivac  
  79  6:21  Marine x2  
  79  6:23  Marine  
  85  6:30  SCV x2  
  85  6:32  Marine x2  
  88  6:35  Supply Depot  
  88  6:39  Marine  
  90  6:41  Marine  
  90  6:42  SCV, Marine  
  91  6:50  Marine  
  91  6:53  SCV  
  92  6:55  Command Center, Marine  
  92  6:57  Marine  
  92  6:58  Widow Mine x2  
  92  7:00  Medivac  
  100  7:01  Medivac  
  102  7:18  Supply Depot  
  102  7:19  Refinery, Supply Depot  
  102  7:22  SCV, Marine  
  102  7:23  SCV, Marine  
  102  7:28  Marine x2  
  102  7:29  Liberator x2  
  97  7:30  Marine  
  98  7:40  Marine  
  98  7:44  Marine  
  100  7:45  Widow Mine x2  
  100  7:46  Marine x2  
  100  7:47  SCV x2  
  100  7:48  Marine  
  109  7:57  Marine  
  110  7:59  SCV  
  110  8:00  SCV, Barracks  
  110  8:01  Barracks, Marine  
  110  8:04  Marine  
  114  8:08  Widow Mine x2, Marine  
  114  8:11  Orbital Command  
  119  8:13  SCV  
  119  8:14  Marine  
  119  8:19  SCV  
  122  8:21  Marine  
  122  8:26  Marine  
  124  8:31  Marine  
  124  8:32  SCV  
  118  8:36  Widow Mine x2  
  118  8:39  Marine  
  118  8:40  SCV  
  114  8:49  Barracks Tech Lab x2  
Tags
 
Add a new tag
Caveats
  • Supply blocks, unpowered buildings, or Contaminate may cause inaccurate times.
  • Supply counts are checked every 10 seconds.